 Dungeon Crawl Stone Soup version 0.29.0-4-gdea44cf6ec (webtiles) character file.

Game seed: 12295163676515654738

0 qw the Sneak (level 1, -1/14 HPs)
             Began as a Ghoul Enchanter on Sept 7, 2022.
             Slain by a kobold
             ... wielding a +0 dagger
              (3 damage)
             ... on level 1 of the Dungeon.
             The game lasted 00:00:02 (51 turns).

qw the Sneak (Ghoul Enchanter)                        Turns: 51, Time: 00:00:03

Health: -1/14      AC:  2    Str: 11    XL:     1   Next: 10%
Magic:  2/2        EV: 12    Int: 10    God:
Gold:   11         SH:  0    Dex:  9    Spells: 3/3 levels left

rFire   . . .      SeeInvis .   a - +1 dagger
rCold   + . .      Faith    .   (no shield)
rNeg    + + +      Spirit   .   b - +0 robe
rPois   inf        Reflect  .   (no helmet)
rElec   .          Harm     .   (no cloak)
rCorr   .          Rampage  .   (no gloves)
Will    .....                   (no boots)
Stlth   ++........              (no amulet)
HPRegen 0.00/turn               (no ring)
MPRegen 0.08/turn               (no ring)

@: inhibited regen
A: claws 1, cold resistance 1, negative energy resistance 3, inhibited
regeneration, torment resistance 2, devour on kill
a: no special abilities


You were on level 1 of the Dungeon.
You visited 1 branch of the dungeon, and saw 1 of its levels.

You collected 11 gold pieces.


Innate Abilities, Weirdness & Mutations

You are immune to poison.
You have sharp fingernails.
Your flesh is cold resistant. (rC+)
You are immune to negative energy. (rN+++)
You do not regenerate when monsters are visible.
You are immune to unholy pain and torment.
You thrive by killing the living.


   Skills:
 - Level 0.8 Short Blades
 + Level 0.1 Axes
 - Level 1.7 Dodging
 - Level 3.2 Stealth
 - Level 1.7 Spellcasting
 - Level 2.4 Hexes


You had 3 spell levels left.
You didn't know any spells.
Your spell library contained the following spells:

 Spells                   Type           Power      Damage    Failure   Level
 Ensorcelled Hibernation  Hex/Ice        6%         N/A       30%         2
 Confusing Touch          Hex            5%         N/A       34%         3
 Tukima's Dance           Hex            5%         N/A       34%         3
 Dazzling Flash           Conj/Hex       6%         N/A       52%         3

Inventory:

Hand Weapons
 a - a +1 dagger (weapon)
Armour
 b - a +0 robe (worn)
Potions
 c - 2 potions of invisibility
 d - a potion of brilliance {unknown}

Dungeon Overview and Level Annotations

Branches:
Dungeon (1/15)

Altars:

Shops:
D:1 (


Message History

The ball python bites you but does no damage.
The ball python constricts you.
You hit the ball python.
You kill the ball python!
You feel better.
The kobold throws a stone.
The stone hits you.
The kobold throws a stone.
The stone barely misses you.
You closely miss the kobold. The kobold hits you with a +0 dagger.
You hit the kobold.
The kobold is heavily wounded.
The kobold barely misses you.
You hit the kobold but do no damage.
The kobold is heavily wounded.
The kobold misses you.
You barely miss the kobold.
The kobold is heavily wounded.
The kobold hits you with a +0 dagger.
You hit the kobold.
The kobold is severely wounded.
The kobold hits you but does no damage.
You hit the kobold but do no damage.
The kobold is severely wounded.
The kobold hits you but does no damage.
You hit the kobold but do no damage.
The kobold is severely wounded.
The kobold misses you.
You hit the kobold but do no damage.
The kobold is heavily wounded.
The kobold hits you with a +0 dagger.
You hit the kobold but do no damage.
The kobold is heavily wounded.
The kobold barely misses you.
You closely miss the kobold.
The kobold is heavily wounded.
The kobold barely misses you.
You closely miss the kobold.
The kobold is heavily wounded.
The kobold hits you with a +0 dagger.
You die...

#.........#
#.........###
#.:.......~~~
#...(....~~~~
#..^.....~~\.
#........~~~~
#....K....~~~#.
#@# ##. #.###.....
#.....##.#
#.######.#
#.######.#########
#.##.............#
#.##.............#
#.##..#####.###..#
#.##..#.......# #


You could see a kobold.

Vanquished Creatures
  A ball python (D:1)
1 creature vanquished.

Notes
Turn   | Place    | Note
-------+----------+-------------------------------------------
     0 | D:1      | qw the Ghoul Enchanter began the quest for the Orb.
     0 | D:1      | Reached XP level 1. HP: 14/14 MP: 2/2
     0 | D:1      | 0 ||| qw: Version: 0.1-a-108-g9e35731
     0 | D:1      | 0 ||| qw: Game counter: 6454
     0 | D:1      | 0 ||| qw: Always use a shield: true
     0 | D:1      | 0 ||| qw: God list: Okawaru
     0 | D:1      | 0 ||| qw: Allow faded altars: false
     0 | D:1      | 0 ||| qw: Do Orc after D:15 true
     0 | D:1      | 0 ||| qw: Do second Lair branch before Depths: true
     0 | D:1      | 0 ||| qw: Lair rune preference: random
     0 | D:1      | 0 ||| qw: Plans: Normal
     0 | D:1      | 0 ||| PLANNING D:1-11
    26 | D:1      | Found Pyadoif's Weapon Emporium.
    44 | D:1      | HP: 3/14 [kobold/+0 dagger (3)]
    51 | D:1      | Slain by a kobold

Levels and vault maps discovered:
D:1:      lemuel_arrival_room, layout_basic, serial_shops,
          nicolae_shop_waterfront

Action                   || total
-------------------------++-------
Melee: Dagger            ||    17
Armor: Robe              ||     3
Dodge: Dodged            ||    11

Table legend:
 A = Non-vault XP
 B = Vault XP
 C = Vault XP percentage of total XP
 D = Non-vault monster count
 E = Vault monster count
 F = Vault count percentage of total count
                 A         B        C        D         E       F
            +---------+---------+-------+---------+---------+-------
      Total |       1 |       0 |   0.0 |       1 |       0 |   0.0
            +---------+---------+-------+---------+---------+-------
        D:1 |       1 |       0 |   0.0 |       1 |       0 |   0.0
            +---------+---------+-------+---------+---------+-------
